 Dungeon Crawl Stone Soup version 0.31-a0-986-g5e6e4ef867 (webtiles) character file.

Game seed: 8792583601458650828

2828 Zonian the Sneak (level 9, 0/40 HPs)
             Began as a Deep Elf Conjurer on Nov 19, 2023.
             Was a Follower of Hepliaklqana.
             Slain by a water moccasin (3 damage)
             ... on level 7 of the Dungeon.
             The game lasted 00:25:10 (11055 turns).

Zonian the Sneak (Deep Elf Conjurer)               Turns: 11055, Time: 00:25:10

Health: 0/40       AC: 10    Str:  4    XL:     9   Next: 45%
Magic:  15/22      EV: 15    Int: 28    God:    Hepliaklqana [*.....]
Gold:   339        SH:  0    Dex: 13    Spells: 7/23 levels left

rFire   . . .        h - +3 spear (venom) {polearm}
rCold   . . .        (no shield)
rNeg    . . .        a - +0 robe
rPois   .            H - +0 helmet
rElec   .            c - +1 cloak
rCorr   .            (no gloves)
SInv    +            D - +0 pair of boots
Will    .....        F - amulet of faith {!P}
Stlth   ++++         r - +4 ring of protection
HPRegen 0.26/turn    E - ring of see invisible
MPRegen 0.18/turn

%: faith
@: lethally poisoned (0 -> -3)
A: reduced essence
a: Renounce Religion, Recall Ancestor, Ancestor Identity


You were on level 7 of the Dungeon.
You worshipped Hepliaklqana.
Hepliaklqana was aware of your devotion.
You visited 2 branches of the dungeon, and saw 9 of its levels.
You also visited: Sewer.

You collected 469 gold pieces.
You spent 130 gold pieces at shops.


   Skills:
 + Level 7.1 Dodging
 + Level 7.9 Stealth
 + Level 7.9 Spellcasting
 + Level 7.6 Conjurations
 + Level 6.3 Hexes
 + Level 4.2 Translocations


You had 7 spell levels left.
You knew the following spells:

 Your Spells              Type           Power      Damage    Failure   Level
a - Magic Dart            Conj           100%       1d8       1%          1
b - Searing Ray           Conj           100%       2d8       1%          2
c - Dazzling Flash        Conj/Hex       100%       N/A       1%          3
d - Sigil of Binding      Hex            46%        N/A       1%          3
e - Tukima's Dance        Hex            46%        N/A       1%          3
f - Iskenderun's Mystic   Conj/Tloc      44%        2d10      4%          4

Your spell library contained the following spells:

 Spells                   Type           Power      Damage    Failure   Level
 Apportation              Tloc           68%        N/A       1%          1
 Foxfire                  Conj/Fire      100%       2x1d9     1%          1
 Jinxbite                 Hex            92%        N/A       1%          2
 Fulminant Prism          Conj/Hex       25%        3d14      2%          4
 Dimensional Bullseye     Hex/Tloc       20%        N/A       5%          4
 Sublimation of Blood     Necr           11%        N/A       8%          2
 Wereblood                Tmut           11%        N/A       8%          2
 Passage of Golubria      Tloc           34%        N/A       9%          4
 Leda's Liquefaction      Hex/Erth       14%        N/A       13%         4
 Call Canine Familiar     Summ           11%        N/A       16%         3
 Yara's Violent Unravell  Hex/Tmut       14%        3d7       36%         5
 Alistair's Intoxication  Tmut/Pois      7%         N/A       80%         5
 Starburst                Conj/Fire      16%        6d6       85%         6
 Plasma Beam              Fire/Air       5%         2x1d16    100%        6
 Summon Hydra             Summ           5%         N/A       100%        7

Inventory:

Hand Weapons
 d - a +0 dagger {short}
   (You found it on level 1 of the Dungeon)
 h - a +3 spear of venom (weapon) {polearm}
   (You took it off a gnoll sergeant on level 5 of the Dungeon)
 C - a +2 war axe of flaming {axe}
   (You found it on level 6 of the Dungeon)
Missiles
 m - 2 curare-tipped darts {=fthrowing}
 A - a throwing net {=f!fthrowing}
Armour
 a - a +0 robe (worn)
 c - a +1 cloak (worn)
   (You found it on level 1 of the Dungeon)
 l - a +0 buckler
   (You found it on level 2 of the Dungeon)
 o - a +0 buckler
   (You took it off a gnoll sergeant on level 5 of the Dungeon)
 D - a +0 pair of boots (worn)
   (You found it on level 7 of the Dungeon)
 H - a +0 helmet (worn)
   (You found it on level 8 of the Dungeon)
Jewellery
 p - a ring of fire
   (You found it on level 2 of the Dungeon)
 r - a +4 ring of protection (left hand)
   (You found it on level 2 of the Dungeon)
 y - a ring of poison resistance
   (You found it on level 5 of the Dungeon)
 E - a ring of see invisible (right hand)
   (You found it on level 7 of the Dungeon)
 F - an amulet of faith (around neck) {!P}
   (You found it on level 8 of the Dungeon)
 G - a ring of protection from cold
   (You found it on level 8 of the Dungeon)
Wands
 v - a wand of polymorph (6)
   (You found it on level 5 of the Dungeon)
Scrolls
 e - a scroll of immolation {!r!r}
 t - 3 scrolls of teleportation {@r4}
 u - 3 scrolls of blinking {!r}
 B - 2 scrolls of revelation
Potions
 b - 4 potions of magic
 f - 2 potions of curing {@q1}
 g - 2 potions of haste {@q3}
 i - a potion of berserk rage {!q}
 j - 4 potions of mutation {!q}
 k - a potion of ambrosia
 n - 3 potions of heal wounds {@q2}
 q - a potion of cancellation {unknown}
 s - 2 potions of might
 w - a potion of degeneration {unknown}
 x - a potion of lignification {unknown}
 z - 2 potions of brilliance

Dungeon Overview and Level Annotations

Branches:
Dungeon (8/15) Zot: 25940  Temple (1/1) D:6 Zot: 5967   Sewer (visited)
   Lair: D:8-11

Altars:
Ashenzari
Cheibriados
Dithmenos
Elyvilon
Fedhas
Gozag
Hepliaklqana
Kikubaaqudgha
Makhleb
Nemelex Xobeh
Okawaru
Ru
Sif Muna
Trog
Uskayaw
Wu Jian
Xom
Yredelemnul
Zin
The Shining One

Shops:
D:4 :   D:8 !

Annotations:
D:8 Gastronok

#................#
################.# #.#
#.# #.# #.# ##### #.#
#####...#####.##
#.....#...@S...#######
#.###...###R.........#
#.# #####
#########++######
###)#####
...............
#.?)....#
...............
###.#.###.#
..8≈≈8.)..8§§8.
#.........#
.§≈§§§....§≈≈§.
#.#.#.###.#
.§≈§≈§§...§§§§.
#.#.#..##.#
###..8§§8§...8≈§8.


You could see the friendly @@MOONBEAM@@ the ancestor and a water moccasin (ally
target).


Message History

You see here a staff of poison {!astaff}.
You now have enough gold to buy a book of Scorching on D:4.
You can access your shopping list by pressing '$'.
You now have 339 gold pieces (gained 15).
Unknown command.
A two-headed ogre comes into view.
It is wielding a +0 giant club and a +0 dire flail.
There is an entrance to Boururoh's Distillery here.
You can access your shopping list by pressing '$'.
A water moccasin comes into view.
There is a stone staircase leading up here.
The wight zaps a wand.
The bolt of dispelling energy hits you! 😮 HP[-14]
You take 14 damage, and now have 26/40 hp.
MASSIVE DAMAGE!! (PAUSE)
The water moccasin bites @@MOONBEAM@@! @@MOONBEAM@@ closely misses the water moccasin.
There is a stone staircase leading up here.
Unknown command.
The water moccasin misses @@MOONBEAM@@. @@MOONBEAM@@ hits the water moccasin!
You climb upwards.
There is a stone staircase leading down here. 😮 HP[+1] Unknown command.
You start resting. 😮 HP[+2]
You regained 2 hp, and now have 29/40 hp.
You start resting. 😎 HP[+11]
Your hp is fully restored (40).
You start waiting.
Done waiting.
You climb downwards.
Level annotation: Gastronok The water moccasin bites you.
You are poisoned.
The water moccasin poisons you! The water moccasin misses you.
There is a stone staircase leading up, spattered with blood here. 😕 HP[-5]
You take 5 damage, and now have 35/40 hp.
Unknown command.
You feel very sick.
The water moccasin bites you but does no damage.
The water moccasin bites you!
You are more poisoned.
The water moccasin poisons you!
You climb upwards.
You feel very sick.
There is a stone staircase leading down here. 😨 HP[-15]
You take 15 damage, and now have 20/40 hp.
MASSIVE DAMAGE!! (PAUSE)
Casting: Magic Dart (safe; 1% risk of failure)
Confirm with . or Enter, or press ? or * to list all spells.
Aiming: Searing Ray (safe; 1% risk of failure)
Press: ? - help, Shift-Dir - straight line, f - water moccasin
Aim: a water moccasin (72% to hit)
The searing ray hits the water moccasin. (Press . to maintain the ray.)
You feel very sick.
The water moccasin barely misses you. @@MOONBEAM@@ hits the water moccasin. 😨 HP[-3] MP[-2]
You take 3 damage, and now have 17/40 hp.
You lost 2 mp, and now have 20/22 mp.
Unknown command.
The searing ray hits the water moccasin.
You feel very sick.
The water moccasin barely misses you. @@MOONBEAM@@ closely misses the water moccasin.
The water moccasin bites you but does no damage. 😨 HP[-2] MP[-1]
You take 2 damage, and now have 15/40 hp.
You lost 1 mp, and now have 19/22 mp.
Unknown command.
The searing ray hits the water moccasin.
You feel sick. The water moccasin bites you.
* * * LOW HITPOINT WARNING * * *
@@MOONBEAM@@ misses the water moccasin. 😱 HP[-5] MP[-1]
You take 5 damage, and now have 10/40 hp.
You lost 1 mp, and now have 18/22 mp.
Unknown command.
Casting: Searing Ray (safe; 1% risk of failure)
Confirm with . or Enter, or press ? or * to list all spells.
Restarting spell: Searing Ray (safe; 1% risk of failure)
Press: ? - help, Shift-Dir - straight line, f/p - water moccasin
Aim: a water moccasin (heavily wounded, ally target, 72% to hit)
The searing ray hits the water moccasin! (Press . to maintain the ray.)
You feel sick.
The water moccasin barely misses you. @@MOONBEAM@@ hits the water moccasin. 😱 HP[-1] MP[-2]
You take 1 damage, and now have 9/40 hp.
You lost 2 mp, and now have 16/22 mp.
Unknown command.
The searing ray misses the water moccasin.
You feel sick. The water moccasin bites you.
* * * LOW HITPOINT WARNING * * *
The water moccasin bites you.
You die...

Skill      XL: |  1  2  3  4  5  6  7  8  9 |
---------------+----------------------------+-----
Stealth        | 3 4 5 6 7 |  7.9
Dodging        | 3 4 5 6 7 |  7.1
Spellcasting   | 4 5 6 7 |  7.9
Conjurations   | 5 6 7 |  7.6
Hexes          | 1 3 4 5 6 |  6.3
Translocations | 1 3 4 |  4.2

Action                     |  1- 3 |  4- 6 |  7- 9 || total
---------------------------+-------+-------+-------++-------
  Melee: Dagger            |     4 |    18 |     7 ||    29
         Spear             |       |       |    22 ||    22
   Cast: Magic Dart        |    75 |    75 |   145 ||   295
         Searing Ray       |     1 |    14 |    51 ||    66
         Dazzling Flash    |       |       |     2 ||     2
         Sigil of Binding  |       |       |     1 ||     1
 Invoke: Ancestor Identity |       |       |     1 ||     1
    Use: Scroll            |       |    15 |     6 ||    21
         Potion            |       |     1 |     1 ||     2
   Stab: Sleeping          |       |     3 |     1 ||     4
         Invisible         |       |       |     1 ||     1
 Armour: Robe              |     5 |    33 |    99 ||   137
  Dodge: Dodged            |     5 |    29 |   119 ||   153

Levels and vault maps discovered:
D:1:      ldierk_walled_garden, layout_loops_ring
D:2:      layout_rooms, basic_altar, kennysheep_another_room,
          minmay_pentomino_pile
D:3:      layout_basic, kennysheep_cluttered_room
D:4:      layout_loops_ring, mainiacjoe_overflow_catwalk,
          cheibrodos_sewer_entry_drain, serial_shops, shop, st_stairs_6,
          hangedman_abyss_or_decor_passed
D:5:      layout_rooms, trog_ov_bears_minmay, minitemple, serial_curves,
          eino_curves_04, eino_curves_01, grunt_ministairs_12
D:6:      layout_basic, minmay_temple_entry_antechambers
D:7:      layout_loops_corners, mainiacjoe_overflow_brackets,
          nzn_wu_jian_council_hall, corner_web_ring,
          chequers_serial_rivers_small_b, kennysheep_dice
D:8:      layout_cave_pools, nicolae_overflow_squiral, lemuel_round_altar,
          serial_shops, nicolae_stop_n_shop_1, st_stairs_5,
          roderic_nine_men_s_morris, uniq_gastronok
Temple:   dshaligram_water_room_temple

Notes
Turn   | Place    | Note
-------+----------+-------------------------------------------
     0 | D:1      | Zonian the Deep Elf Conjurer began the quest for the Orb.
     0 | D:1      | Reached XP level 1. HP: 10/10 MP: 6/6
     0 | D:1      | magus.rc [v1.9.6]
   252 | D:1      | Reached XP level 2. HP: 15/15 MP: 4/8
   761 | D:1      | Reached skill level 3 in Stealth
   877 | D:1      | You pick up a book of Party Tricks and begin reading...
   877 | D:1      | You add the spells Apportation, Jinxbite and Alistair's
                  | Intoxication to your library.
  1020 | D:2      | You pick up a book of the Hunter and begin reading...
  1020 | D:2      | You add the spells Sigil of Binding, Call Canine Familiar,
                  | Dimensional Bullseye and Leda's Liquefaction to your
                  | library.
  1028 | D:2      | Learned a level 2 spell: Searing Ray
  1053 | D:2      | Reached XP level 3. HP: 17/19 MP: 1/10
  1144 | D:2      | You add the spells Tukima's Dance, Passage of Golubria and
                  | Yara's Violent Unravelling to your library.
  1165 | D:2      | Reached skill level 3 in Dodging
  1269 | D:2      | You fall into a shaft and drop 1 floor!
  1639 | D:2      | Reached XP level 4. HP: 24/24 MP: 2/11
  1649 | D:2      | Reached skill level 4 in Spellcasting
  1649 | D:2      | Reached skill level 5 in Conjurations
  1962 | D:2      | Found a shimmering blue altar of Sif Muna.
  2897 | D:3      | Reached skill level 4 in Stealth
  2897 | D:3      | Reached XP level 5. HP: 28/28 MP: 4/13
  3071 | D:3      | Learned a level 3 spell: Dazzling Flash
  3166 | D:4      | Found a glowing drain.
  3206 | Sewer    | Entered a sewer
  3244 | Sewer    | Noticed Pargi
  3258 | Sewer    | Killed Pargi
  3259 | Sewer    | Reached skill level 4 in Dodging
  3259 | Sewer    | Reached skill level 1 in Hexes
  3437 | D:4      | Noticed an ogre
  3479 | D:4      | Reached XP level 6. HP: 25/32 MP: 9/15
  3484 | D:4      | Reached skill level 5 in Spellcasting
  3484 | D:4      | Reached skill level 2 in Hexes
  3596 | D:4      | Found a shadowy altar of Dithmenos.
  3640 | D:4      | Reached skill level 5 in Stealth
  3753 | D:4      | Found Assimp's Book Shop.
  4244 | D:5      | Entered Level 5 of the Dungeon
  4676 | D:5      | Reached skill level 3 in Hexes
  4676 | D:5      | Reached XP level 7. HP: 29/36 MP: 11/17
  4815 | D:5      | Reached skill level 6 in Conjurations
  4818 | D:5      | HP: 9/36 [poisoned by a gnoll sergeant (curare-tipped
                  | dart)]
  4820 | D:5      | Reached skill level 5 in Dodging
  5094 | D:5      | Reached skill level 6 in Spellcasting
  5094 | D:5      | Reached skill level 1 in Translocations
  5264 | D:5      | Reached skill level 6 in Stealth
  5425 | D:5      | Found a bloodstained altar of Trog.
  5479 | D:5      | Reached skill level 4 in Hexes
  5552 | D:5      | Reached XP level 8. HP: 41/41 MP: 12/19
  5758 | D:5      | Found a hide-covered altar of Uskayaw.
  5759 | D:5      | Found a glowing golden altar of the Shining One.
  6138 | D:5      | Reached skill level 2 in Translocations
  6489 | D:6      | Learned a level 3 spell: Sigil of Binding
  6493 | D:6      | Learned a level 3 spell: Tukima's Dance
  6498 | D:6      | Learned a level 4 spell: Iskenderun's Mystic Blast
  6815 | D:6      | Reached skill level 6 in Dodging
  6821 | D:6      | Reached skill level 5 in Hexes
  7181 | D:6      | Found a staircase to the Ecumenical Temple.
  7192 | Temple   | Entered the Ecumenical Temple
  7208 | Temple   | Became a worshipper of Hepliaklqana the Forgotten
  7365 | D:6      | Reached skill level 3 in Translocations
  7497 | D:6      | Reached skill level 7 in Spellcasting
  7561 | D:7      | magus.rc [v1.9.6]
  7578 | D:7      | Reached skill level 7 in Stealth
  7578 | D:7      | Reached skill level 7 in Conjurations
  7983 | D:7      | Found an opulent altar of Gozag.
  8487 | D:7      | Found an ornate altar of the Wu Jian Council.
  8778 | D:7      | Reached XP level 9. HP: 45/45 MP: 19/21
  9418 | D:7      | Reached * piety under Hepliaklqana
  9504 | D:7      | HP: 10/40 [steam dragon] (4)]
  9505 | D:7      | HP: 4/40 [steam dragon] (6)]
  9623 | D:7      | Reached skill level 6 in Hexes
  9626 | D:7      | You pick up a book of Blood and begin reading...
  9626 | D:7      | You add the spells Sublimation of Blood, Wereblood and
                  | Summon Hydra to your library.
 10041 | D:8      | Noticed Gastronok
 10088 | D:8      | Found Boururoh's Distillery.
 10111 | D:8      | Bought a potion of curing for 30 gold pieces
 10111 | D:8      | Bought a potion of haste for 100 gold pieces
 10156 | D:8      | Reached skill level 4 in Translocations
 10157 | D:8      | Found a sacrificial altar of Ru.
 10383 | D:8      | Reached skill level 7 in Dodging
 10766 | D:8      | You pick up a book of Fire and begin reading...
 10766 | D:8      | You add the spells Foxfire, Plasma Beam and Starburst to
                  | your library.
 10884 | D:8      | Noticed a two-headed ogre
 11053 | D:7      | HP: 10/40 [water moccasin (3)]
 11055 | D:7      | HP: 3/40 [water moccasin (4)]
 11055 | D:7      | Slain by a water moccasin

Vanquished Creatures
  A wyvern (D:7)
  A steam dragon (D:7)
  A water moccasin (D:6)
  3 black bears (D:5)
  Pargi (Sewer)
  An ice beast (D:6)
  An ogre (D:4)
  A centaur (D:7)
  A phantom (D:5)
  3 bullfrogs
  2 gnoll sergeants
  5 scorpions
  A killer bee (D:8)
  A howler monkey (D:6)
  4 hounds
  A jelly (D:7)
  An orc priest (D:7)
  4 iguanas
  5 orc wizards
  A sleepcap (D:6)
  14 gnolls
  7 adders
  2 shadow imps
  2 white imps
  4 ufetubi (D:6)
  5 worms
  3 dart slugs
  18 orcs
  6 endoplasms
  3 giant cockroaches
  9 goblins
  7 hobgoblins
  4 jackals (D:2)
  3 quokkas
  12 ball pythons
  6 bats
  3 frilled lizards
  4 kobolds
  5 rats
156 creatures vanquished.

Vanquished Creatures (collateral kills)
  A steam dragon (D:8)
  A bullfrog (D:8)
  A jelly (D:8)
  3 orcs (D:8)
6 creatures vanquished.

Vanquished Creatures (others)
  2 ancestors (D:8)
2 creatures vanquished.

Grand Total: 164 creatures vanquished

Table legend:
 A = Non-vault XP
 B = Vault XP
 C = Vault XP percentage of total XP
 D = Non-vault monster count
 E = Vault monster count
 F = Vault count percentage of total count
                 A         B        C        D         E       F
            +---------+---------+-------+---------+---------+-------
      Total |    2905 |    1136 |  28.1 |     141 |      21 |  13.0
            +---------+---------+-------+---------+---------+-------
        D:1 |      34 |       0 |   0.0 |      22 |       0 |   0.0
        D:2 |      78 |      14 |  15.2 |      18 |       6 |  25.0
        D:3 |      73 |       0 |   0.0 |      13 |       0 |   0.0
        D:4 |     184 |     184 |  50.0 |      18 |       6 |  25.0
        D:5 |     541 |     416 |  43.5 |      19 |       4 |  17.4
        D:6 |     706 |       0 |   0.0 |      16 |       0 |   0.0
        D:7 |     978 |      90 |   8.4 |      21 |       1 |   4.5
        D:8 |     311 |     296 |  48.8 |      14 |       3 |  17.6
      Sewer |       0 |     136 | 100.0 |       0 |       1 | 100.0
            +---------+---------+-------+---------+---------+-------

Skill      XL: |  1  2  3  4  5  6  7  8  9 |
---------------+----------------------------+-----
Stealth        | 3 4 5 6 7 |  7.9
Dodging        | 3 4 5 6 7 |  7.1
Spellcasting   | 4 5 6 7 |  7.9
Conjurations   | 5 6 7 |  7.6
Hexes          | 1 3 4 5 6 |  6.3
Translocations | 1 3 4 |  4.2

Action                     |  1- 3 |  4- 6 |  7- 9 || total
---------------------------+-------+-------+-------++-------
  Melee: Dagger            |     4 |    18 |     7 ||    29
         Spear             |       |       |    22 ||    22
   Cast: Magic Dart        |    75 |    75 |   145 ||   295
         Searing Ray       |     1 |    14 |    51 ||    66
         Dazzling Flash    |       |       |     2 ||     2
         Sigil of Binding  |       |       |     1 ||     1
 Invoke: Ancestor Identity |       |       |     1 ||     1
    Use: Scroll            |       |    15 |     6 ||    21
         Potion            |       |     1 |     1 ||     2
   Stab: Sleeping          |       |     3 |     1 ||     4
         Invisible         |       |       |     1 ||     1
 Armour: Robe              |     5 |    33 |    99 ||   137
  Dodge: Dodged            |     5 |    29 |   119 ||   153

Illustrated notes

Table legend:
 A = Kills in this place as a percentage of kills in the entire game.
 B = Kills by you in this place as a percentage of kills by you in the entire game.
 C = Kills by friends in this place as a percentage of kills by friends in the entire game.
 D = Other kills in this place as a percentage of other kills in the entire game.
 E = Experience gained in this place as a percentage of experience gained in the entire game.
 F = Experience gained in this place divided by the number of levels of this place that you have seen.
                   A       B       C       D       E      F
               +-------+-------+-------+-------+-------+----------------------
         Total | 100.0 | 100.0 | 100.0 |   N/A | 100.0 | 404.1
       Dungeon |  99.4 |  99.4 | 100.0 |   N/A |  96.6 | 488.1
         Sewer |   0.6 |   0.6 |   0.0 |   N/A |   3.4 | 136.0
               +-------+-------+-------+-------+-------+----------------------

Table legend: (Time is in decaauts)
 A = Elapsed time spent in this place.
 B = Non-inter-level travel time spent in this place.
 C = Inter-level travel time spent in this place.
 D = Time resting spent in this place.
 E = Time spent auto-exploring this place.
 F = Levels seen in this place.
 G = Mean time per level.
                   A        B        C        D        E       F      G
               +--------+--------+--------+--------+--------+-----+--------+
         Total |  11100 |  10833 |    267 |   3822 |   5292 |  10 | 1110.0 |
       Dungeon |  10935 |  10684 |    251 |   3795 |   5246 |   8 | 1366.9 |
        Temple |     32 |     16 |     16 |      0 |      0 |   1 |   32.0 |
         Sewer |    132 |    132 |      0 |     27 |     46 |   1 |  132.0 |
               +--------+--------+--------+--------+--------+-----+--------+

Top non-repeatable levels by time:
     D:7: 2452 daAuts
     D:4: 1575 daAuts
     D:6: 1519 daAuts
     D:5: 1378 daAuts
     D:2: 1080 daAuts
     D:3: 1068 daAuts
     D:1: 1012 daAuts
     D:8: 847 daAuts
   Sewer: 132 daAuts
  Temple: 32 daAuts
